cohdb
Replays
Latest Replays
All Replays
Popular Replays
Top Player Replays
Match Explorer
How It Works
Community
CoH3 Stats
Reddit
Sign in to upload your games and track your stats! →
Sign in with Steam
Match 41227888
Unlisted
Match 41227888
Overview
Messages
Build Orders
End
Construct Section Command Post
Dingo Light Scout Car
Infantry Section
Infantry Section
Infantry Section
Grenade Package
Construct Platoon Command Post
Unlock M3 Stuart Light Tanks
M3 Stuart Light Tank
Selects Heavy Armor Battlegroup
Selects Light Vehicle Withdraw and Refit
Light Vehicle Withdraw and Refit
Infantry Section
Infantry Section
6-pounder Anti-tank Gun Team
Infantry Training
Selects Engineer Detachments
Selects Forward Repair Assembly
Selects UNKNOWN (2162094)
Selects Radio Net
Selects Designate Targets
Construct Company Command Post
Light Vehicle Withdraw and Refit
Churchill IV Heavy Tank
Designate Targets
Armored Vehicle Training
Foot Guards Section
Designate Targets
Churchill IV Heavy Tank
Crusader II Medium Tank
Churchill IV Heavy Tank
Designate Targets
Pob
Pob
BananaInPajamas
我真的不是驴
0
0
Comments
sign in to comment!
No comments posted yet!